 Dungeon Crawl Stone Soup version 0.32-a0-876-gcfddb08e57 (webtiles) character file.

Game seed: 17142508316544729171

256 porpoise the Shooter (level 5, -1/46 HPs)
             Began as a Minotaur Hunter on Apr 1, 2024.
             Slain by Pikel
             ... wielding a +0 whip of flaming
              (3 damage)
             ... on level 3 of the Dungeon.
             The game lasted 00:06:55 (2893 turns).

porpoise the Shooter (Minotaur Hunter)              Turns: 2893, Time: 00:06:57

Health: -1/46      AC:  8    Str: 16    XL:     5   Next: 92%
Magic:  4/4        EV: 10    Int:  6    God:
Gold:   145        SH:  0    Dex: 15    Spells: 4/4 levels left

rFire   . . .        a - +0 shortbow
rCold   . . .        (shield currently unavailable)
rNeg    . . .        d - +0 ring mail
rPois   .            (helmet restricted)
rElec   .            h - +0 cloak
rCorr   .            (no gloves)
SInv    +            k - +0 pair of boots
Will    .....        (no amulet)
Stlth   +            j - ring of see invisible
HPRegen 0.27/turn    (no ring)
MPRegen 0.09/turn

%: no passive effects
@: no status effects
A: horns 2, retaliatory headbutt
a: no special abilities


You were on level 3 of the Dungeon.
You visited 1 branch of the dungeon, and saw 4 of its levels.

You collected 145 gold pieces.

Inventory:

Hand Weapons
 a - a +0 shortbow (weapon)
 b - a +0 spear
 w - a +0 arbalest
Missiles
 o - 11 atropa-tipped darts
 u - 2 poisoned darts
Armour
 d - a +0 ring mail (worn)
 h - a +0 cloak (worn)
 k - a +0 pair of boots (worn)
Jewellery
 j - a ring of see invisible (left hand)
Wands
 v - a wand of mindburst (23)
Scrolls
 c - a scroll of brand weapon {unknown}
 e - a scroll of teleportation {unknown}
 f - 2 scrolls of enchant weapon {unknown}
 i - 2 scrolls of poison {unknown}
 m - 4 scrolls of butterflies
 r - a scroll of torment {unknown}
 t - a scroll of fear {unknown}
Potions
 g - a potion of might
 l - a potion of curing {unknown}
 n - a potion of enlightenment {unknown}
 p - a potion of lignification {unknown}
 q - a potion of brilliance {unknown}
 s - a potion of heal wounds {unknown}


   Skills:
 + Level 4.2 Fighting
 * Level 6.4 Ranged Weapons
 + Level 3.2 Armour
 - Level 2.1 Dodging
 - Level 0.7 Stealth


You had 4 spell levels left.
You didn't know any spells.
Your spell library contained the following spells:

 Spells                   Type           Power      Damage    Failure   Level
 Call Imp                 Summ           0%         N/A       80%         2
 Sublimation of Blood     Necr           0%         N/A       80%         2
 Summon Hydra             Summ           0%         N/A       100%        7


Dungeon Overview and Level Annotations

Branches:
Dungeon (4/15)
 Temple: D:4-7

Altars:
Zin

Annotations:
D:3 Pikel


Innate Abilities, Weirdness & Mutations

You have a pair of horns on your head.
You reflexively headbutt those who attack you in melee.


Message History

You headbutt Pikel. The lemure hits you.
Pikel hits you with a +0 whip of flaming!
Pikel burns you.
You shoot an arrow. The arrow closely misses Pikel.
The lemure hits you but does no damage. Pikel hits you but does no damage.
You shoot an arrow. The arrow hits Pikel.
Pikel is heavily wounded.
The lemure hits you. Pikel hits you but does no damage.
You shoot an arrow. The arrow closely misses Pikel.
The lemure barely misses you. You furiously retaliate!
You headbutt the lemure, but do no damage.
Pikel misses you. You furiously retaliate!
You headbutt Pikel. You shoot an arrow. The arrow closely misses Pikel.
The lemure closely misses you.
Pikel hits you with a +0 whip of flaming.
Pikel burns you.
You shoot an arrow. The arrow hits Pikel.
Pikel is severely wounded.
The lemure barely misses you. Pikel hits you but does no damage.
The lemure closely misses you.
Pikel hits you with a +0 whip of flaming.
Pikel burns you.
You shoot an arrow.
The arrow hits Pikel but does no damage.
Pikel is severely wounded.
The lemure hits you. Pikel misses you.
You shoot an arrow. The arrow closely misses Pikel.
The lemure hits you!
* * * LOW HITPOINT WARNING * * *
Pikel hits you but does no damage.
You shoot an arrow. The arrow closely misses Pikel.
The lemure hits you.
* * * LOW HITPOINT WARNING * * *
Pikel misses you.
You shoot an arrow.
The arrow hits Pikel but does no damage.
Pikel is severely wounded.
The lemure hits you.
* * * LOW HITPOINT WARNING * * *
Pikel hits you with a +0 whip of flaming.
You die...
Pikel says, "See you in Hell!"

######## #......# .......#
.......# ....####
....##############
....)..........K@#
....############5# ....#
#.# ....# ########.# #'#.#
#........#
#)#.#####...^....#
#)#.#............##########
#.#.#.....####............#
#.#.#.....###.)...........#


You could see Pikel and a lemure.

Vanquished Creatures
  An orc priest (D:3)
  Jessica (D:2)
  Natasha (thrice) (D:2)
  5 adders
  3 dart slugs (D:1)
  2 ribbon worms (D:3)
  9 orcs (D:3)
  8 endoplasms
  4 giant cockroaches
  3 goblins
  2 hobgoblins
  4 jackals (D:3)
  9 kobolds
  6 ball pythons
  2 bats
  A frilled lizard (D:2)
  4 rats
  A spectral kobold (D:1)
68 creatures vanquished.

Notes
Turn   | Place    | Note
-------+----------+-------------------------------------------
     0 | D:1      | porpoise the Minotaur Hunter began the quest for the Orb.
     0 | D:1      | Reached XP level 1. HP: 18/18 MP: 0/0
    81 | D:1      | Found a faded altar of an unknown god.
   180 | D:1      | Reached XP level 2. HP: 25/25 MP: 1/1
   341 | D:1      | Reached skill level 1 in Armour
   704 | D:1      | Reached skill level 5 in Ranged Weapons
   849 | D:2      | Reached XP level 3. HP: 30/30 MP: 2/2
   972 | D:2      | Noticed Natasha
   975 | D:2      | Killed Natasha
  1007 | D:2      | Reached XP level 4. HP: 38/38 MP: 3/3
  1019 | D:2      | Found a glowing silver altar of Zin.
  1159 | D:2      | Noticed Natasha
  1167 | D:2      | Killed Natasha
  1411 | D:2      | Noticed Jessica
  1415 | D:2      | Killed Jessica
  1518 | D:2      | Noticed Natasha
  1520 | D:2      | Killed Natasha
  1521 | D:2      | Reached XP level 5. HP: 46/46 MP: 4/4
  1589 | D:2      | Reached skill level 6 in Ranged Weapons
  2877 | D:4      | Noticed Pikel
  2877 | D:4      | Noticed a lemure
  2877 | D:4      | Noticed a lemure
  2877 | D:4      | Noticed a lemure
  2877 | D:4      | Noticed a lemure
  2893 | D:3      | HP: 2/46 [lemure[Pikel] (5)]
  2893 | D:3      | Slain by Pikel

Illustrated notes

Levels and vault maps discovered:
D:1:      onia_arrival_handbag, layout_basic,
          dreamdust_ecumenical_altar_drowned_temple
D:2:      cheibrodos_old_hovel, layout_basic, basic_altar, uniq_jessica,
          uniq_natasha
D:3:      layout_basic, hex_large, minmay_misc_feat_columns
D:4:      layout_loops_cross, minmay_temple_entry_poolview, serial_bayou,
          serial_bayou_shore_a, serial_bayou_shore_b, serial_bayou_lagoon_a,
          serial_bayou_crossing, uniq_pikel, uniq_eustachio, uniq_duvessa

Skill      XL: |  1  2  3  4  5 |
---------------+----------------+-----
Armour         | 1 2 3 |  3.2
Ranged Weapons | 5 6 |  6.4
Fighting       | 3 4 |  4.2
Dodging        | |  2.1
Stealth        | |  0.7

Action                     |  1- 3 |  4- 6 || total
---------------------------+-------+-------++-------
   Fire: Shortbow          |    85 |   154 ||   239
    Use: Potion            |       |     1 ||     1
 Armour: Ring mail         |    32 |    72 ||   104
  Dodge: Dodged            |    16 |    54 ||    70

Table legend: (Time is in decaauts)
 A = Elapsed time spent in this place.
 B = Non-inter-level travel time spent in this place.
 C = Inter-level travel time spent in this place.
 D = Time resting spent in this place.
 E = Time spent auto-exploring this place.
 F = Levels seen in this place.
 G = Mean time per level.
                   A        B        C        D        E       F      G
               +--------+--------+--------+--------+--------+-----+--------+
         Total |   2950 |   2781 |    169 |    754 |   1508 |   4 |  737.5 |
       Dungeon |   2950 |   2781 |    169 |    754 |   1508 |   4 |  737.5 |
               +--------+--------+--------+--------+--------+-----+--------+

Top non-repeatable levels by time:
     D:2: 1105 daAuts
     D:3: 970 daAuts
     D:1: 869 daAuts
     D:4: 5 daAuts
